 Dungeon Crawl Stone Soup version 0.31-a0-1370-gf52a5a9ab3 (webtiles) character file.

Game seed: 10001871056775561262

173 grandjackal the Ruffian (level 5, 0/48 HPs)
             Began as a Ghoul Monk on Dec 24, 2023.
             Slain by a gnoll
             ... wielding a +0 spear
              (3 damage)
             ... on level 3 of the Dungeon.
             The game lasted 00:01:31 (1608 turns).

grandjackal the Ruffian (Ghoul Monk)                Turns: 1608, Time: 00:01:32

Health: 0/48       AC:  5    Str: 15    XL:     5   Next: 53%
Magic:  5/5        EV: 16    Int: 11    God:
Gold:   118        SH:  0    Dex: 11    Spells: 4/4 levels left

rFire   . .          .
                       - Unarmed
rCold   + . .        c - orb {light}
rNeg    + + +        j - +0 ring mail
rPois   ∞            (no helmet)
rElec   .            (no cloak)
rCorr   .            (no gloves)
SInv    .            (no boots)
Will    .....        (no amulet) Stlth
                     f - +5 ring of evasion
HPRegen 0.00/turn    (no ring)
MPRegen 0.09/turn

%: no passive effects
@: inhibited regen, glowing
A: claws 1, cold resistance 1, negative energy resistance 3, inhibited
regeneration, torment resistance 2, devour on kill
a: no special abilities


You were on level 3 of the Dungeon.
You visited 1 branch of the dungeon, and saw 3 of its levels.

You collected 118 gold pieces.

Inventory:

Armour
 c - an orb of light (worn)
 j - a +0 ring mail (worn)
Jewellery
 f - a +5 ring of evasion (left claw)
Scrolls
 a - a scroll of revelation {unknown}
 d - a scroll of identify {unknown}
 i - a scroll of silence {unknown}
 k - a scroll of immolation {unknown}
 m - a scroll of fear {unknown}
Potions
 b - a potion of ambrosia
 e - 2 potions of berserk rage {unknown}
 g - a potion of cancellation {unknown}
 h - a potion of attraction {unknown}
 l - 2 potions of curing {unknown}
 n - a potion of degeneration {unknown}


   Skills:
 + Level 5.1 Fighting
 - Level 3.0 Dodging
 + Level 5.1 Unarmed Combat


You had 4 spell levels left.
You didn't know any spells.
Your spell library contained the following spells:

 Spells                   Type           Power      Damage    Failure   Level
 Shock                    Conj/Air       0%         1d3       56%         1
 Inner Flame              Hex/Fire       0%         N/A       91%         3
 Swiftness                Air            0%         N/A       91%         3
 Airstrike                Air            0%         2d(0-16)  100%        4
 Flame Wave               Conj/Fire      0%         2d4       100%        4
 Sticky Flame             Fire/Alch      0%         2d4       100%        4
 Irradiate                Conj/Alch      0%         3d11      100%        5
 Ignition                 Fire           0%         3d3       100%        8


Dungeon Overview and Level Annotations

Branches:
Dungeon (3/15)

Altars:


Innate Abilities, Weirdness & Mutations

You are immune to poison.
You have sharp fingernails.
Your flesh is cold resistant. (rC+)
You are immune to negative energy. (rN+++)
You do not regenerate when monsters are visible.
You are immune to unholy pain and torment.
You thrive by killing the living.


Message History

The gnoll is severely wounded.
The gnoll hits you with a +0 flail!
A gnoll comes into view. It is wielding a +0 spear.
You claw the gnoll!
You kill the gnoll!
The gnoll throws a stone.
The stone completely misses you.
The gnoll hits you but does no damage. x2
You see here a +0 flail.
You scratch the gnoll.
The gnoll is moderately wounded.
The gnoll hits you with a +0 whip.
The gnoll hits you from afar with a +0 spear.
You are too injured to fight recklessly!
You are too injured to fight recklessly!
You scratch the gnoll but do no damage.
The gnoll is moderately wounded.
The gnoll barely misses you. The gnoll misses you.
You are too injured to fight recklessly!
You scratch the gnoll.
The gnoll is severely wounded.
You claw the gnoll!
You kill the gnoll!
You feel better. The gnoll hits you but does no damage.
The gnoll hits you with a +0 spear.
Things that are here:
a +0 whip; 4 stones; a gnoll corpse You completely miss the gnoll.
The gnoll hits you with a +0 spear.
* * * LOW HITPOINT WARNING * * *
You barely miss the gnoll. The gnoll hits you with a +0 spear.
* * * LOW HITPOINT WARNING * * *
You barely miss the gnoll. The gnoll hits you with a +0 spear!
* * * LOW HITPOINT WARNING * * *
You claw the gnoll!
The gnoll is heavily wounded.
The gnoll hits you with a +0 spear.
* * * LOW HITPOINT WARNING * * *
You barely miss the gnoll.
The gnoll is heavily wounded.
The gnoll hits you with a +0 spear.
You die...

.#.. ... #..#
#... #...######
#....#...
#...)#.########
#......))@g...#
#....#.####.#.##
##..##.# #.....+
#..##.###..#.##
#..........#.#
#.###...#..# #
#.#####<#..#
#....%..#....
#.########....


You could see a gnoll.

Vanquished Creatures
  Natasha (thrice) (D:2)
  3 gnolls (D:3)
  2 adders (D:2)
  A shadow imp (D:3)
  An orc (D:3)
  5 endoplasms
  2 giant cockroaches
  7 goblins
  A hobgoblin (D:2)
  3 kobolds
  2 quokkas (D:2)
  2 ball pythons
  3 bats
  3 frilled lizards
  6 rats (D:1)
44 creatures vanquished.

Notes
Turn   | Place    | Note
-------+----------+-------------------------------------------
     0 | D:1      | grandjackal the Ghoul Monk began the quest for the Orb.
     0 | D:1      | Reached XP level 1. HP: 19/19 MP: 1/1
   235 | D:1      | Reached XP level 2. HP: 26/26 MP: 2/2
   954 | D:2      | Noticed Natasha
   964 | D:2      | Killed Natasha
   965 | D:2      | Reached XP level 3. HP: 17/33 MP: 3/3
  1077 | D:2      | Noticed Natasha
  1086 | D:2      | Killed Natasha
  1087 | D:2      | Reached XP level 4. HP: 32/41 MP: 4/4
  1277 | D:2      | Noticed Natasha
  1282 | D:2      | Killed Natasha
  1283 | D:2      | Reached XP level 5. HP: 47/47 MP: 5/5
  1591 | D:3      | Reached skill level 5 in Fighting
  1591 | D:3      | Reached skill level 5 in Unarmed Combat
  1608 | D:3      | Slain by a gnoll

Illustrated notes

Levels and vault maps discovered:
D:1:      lemuel_arrival_room, layout_basic, nrook_campfire,
          nicolae_twisty_statue_hallways
D:2:      layout_rooms, uniq_natasha
D:3:      minmay_diamond_boxcup, layout_basic,
          mainiacjoe_sewer_entry_somewhere_in_here_1

Skill      XL: |  1  2  3  4  5 |
---------------+----------------+-----
Dodging        | 3 |  3.0
Fighting       | 4 5 |  5.1
Unarmed Combat | 4 5 |  5.1

Action                     |  1- 3 |  4- 6 || total
---------------------------+-------+-------++-------
  Melee: Unarmed           |    73 |    57 ||   130
 Armour: Robe              |    34 |       ||    34
         Ring mail         |       |    28 ||    28
  Dodge: Dodged            |    69 |    24 ||    93

Table legend: (Time is in decaauts)
 A = Elapsed time spent in this place.
 B = Non-inter-level travel time spent in this place.
 C = Inter-level travel time spent in this place.
 D = Time resting spent in this place.
 E = Time spent auto-exploring this place.
 F = Levels seen in this place.
 G = Mean time per level.
                   A        B        C        D        E       F      G
               +--------+--------+--------+--------+--------+-----+--------+
         Total |   1612 |   1594 |     18 |     52 |   1240 |   3 |  537.3 |
       Dungeon |   1612 |   1594 |     18 |     52 |   1240 |   3 |  537.3 |
               +--------+--------+--------+--------+--------+-----+--------+

Top non-repeatable levels by time:
     D:1: 950 daAuts
     D:2: 615 daAuts
     D:3: 46 daAuts
